 Dungeon Crawl Stone Soup version 0.23-a0-325-gb46b2e5 (webtiles) character file.

352 BingusPrime the Caller (level 6, 33/33 HPs)
             Began as a Tengu Summoner on Oct 29, 2018.
             Quit the game on level 4 of the Dungeon.
             The game lasted 00:24:44 (5313 turns).

BingusPrime the Caller (Tengu Summoner)             Turns: 5313, Time: 00:24:45

Health: 33/33      AC:  3    Str:  8    XL:     6   Next: 62%
Magic:  13/13      EV: 12    Int: 18    God:
Gold:   178        SH:  0    Dex: 14    Spells: 7/13 levels left

rFire    x . .     SeeInvis .   b - +2 spear (venom)
rCold    + . .     Gourm    .   (no shield)
rNeg     . . .     Faith    .   o - +0 leather armour
rPois    .         Spirit   .   (helmet restricted)
rElec    .         Reflect  .   (no cloak)
rCorr    .         Harm     .   (no gloves)
MR       .....                  (boots unavailable)
Stlth    ++........             (no amulet)
HPRegen  0.11/turn              d - ring of ice
MPRegen  0.13/turn              (no ring)

@: no status effects
A: beak, talons 3, able to fly 1
a: Fly


You were on level 4 of the Dungeon.
You were not hungry.

You visited 1 branch of the dungeon, and saw 4 of its levels.

You collected 178 gold pieces.

Inventory:

Hand Weapons
 b - a +2 spear of venom (weapon)
 h - a +0 hand axe
Armour
 a - a +0 robe
 o - a +0 leather armour (worn)
Jewellery
 d - a ring of ice (left hand)
 q - an uncursed ring of positive energy {unknown}
 u - an uncursed ring of protection from fire {unknown}
Wands
 m - a wand of disintegration (10)
 r - a wand of polymorph (8)
 s - a wand of digging (15)
Scrolls
 e - 4 scrolls of teleportation
 f - 2 scrolls of remove curse
 g - a scroll of enchant weapon {unknown}
 i - 2 scrolls of identify
 p - a scroll of magic mapping
Potions
 j - a potion of curing {unknown}
 k - a potion of resistance {unknown}
 l - a potion of heal wounds {unknown}
 n - 2 potions of ambrosia {unknown}
 t - a potion of haste
Comestibles
 c - 4 rations


   Skills:
 + Level 0.3 Fighting
 + Level 2.1 Polearms
 + Level 0.1 Armour
 + Level 2.5 Dodging
 + Level 2.8 Stealth
 * Level 4.2 Spellcasting
 + Level 0.5 Hexes
 + Level 6.4 Summonings


You had 7 spell levels left.
You knew the following spells:

 Your Spells              Type           Power        Failure   Level  Hunger
a - Summon Small Mammal   Summ           ####         1%          1    None
b - Call Imp              Summ           ####....     2%          2    ##.....
c - Summon Guardian Gole  Hex/Summ       ###.....     16%         3    ###....

Your spell library contained the following spells:

 Spells                   Type           Power        Failure   Level  Hunger
 Call Canine Familiar     Summ           ####....     4%          3    ###....
 Summon Ice Beast         Ice/Summ       ###.....     50%         4    ####...
 Summon Lightning Spire   Summ/Air       ###.....     50%         4    ####...


Dungeon Overview and Level Annotations

Branches:
Dungeon (4/15)
 Temple: D:4-7

Altars:
Gozag

Shops:
D:4 *


Innate Abilities, Weirdness & Mutations

You have a beak for a mouth.
You have claws for feet.
You can fly.


Message History

The adder misses you.
You swap places.
Your shadow imp gestures at the adder.
The adder writhes in agony!
The adder bites your white imp.
Your white imp gestures at the adder.
The puff of frost hits the adder.
The adder dies!
You swap places.
You swap places.
You start resting.
HP restored.
You start resting.
Your white imp disappears in a puff of smoke!
Magic restored.
You are starving!
You need to eat something NOW!
You need to eat something NOW!
You eat one of the 5 rations.
That ration really hit the spot!
Unknown command.
Are you sure you want to abandon this character and quit the game? (Confirm

..............+
##.###.....#### ...#
#..#..# ######.....#
#......## #.#..#.#
#.##.#.# #.##.#.#
#####.#### #.##.#.#
#.@......# #......#
#5##...#.#
####.#######5#......#
#.##..............
#.##.####.###.##.#
#....# #.# # ######
#.. ####


You could see a friendly white imp and a friendly shadow imp.

Vanquished Creatures
  A centaur zombie (D:4)
  Ijyb (D:3)
  2 orc wizards (D:4)
  2 gnolls (D:2)
  4 adders
  2 oozes
  A dart slug (D:1)
  2 leopard geckos
  3 orcs (D:4)
  A ball python (D:2)
  A giant cockroach (D:3)
  2 goblins (D:2)
  3 hobgoblins
  3 jackals (D:4)
  5 kobolds
  2 quokkas
  A bat (D:1)
  4 frilled lizards
  5 rats
45 creatures vanquished.

Vanquished Creatures (collateral kills)
  A sky beast (D:3)
  Natasha (D:4)
  2 gnolls
  6 adders
  A leopard gecko (D:1)
  3 orcs (D:4)
  A ball python (D:2)
  3 bats
  A giant cockroach (D:1)
  4 goblins
  8 hobgoblins
  A frilled lizard (D:1)
  2 kobolds
  3 rats
37 creatures vanquished.

Grand Total: 82 creatures vanquished

Notes
Turn   | Place    | Note
-------+----------+-------------------------------------------
     0 | D:1      | BingusPrime the Tengu Summoner began the quest for the Orb.
     0 | D:1      | Reached XP level 1. HP: 10/10 MP: 4/4
   225 | D:1      | Reached skill level 5 in Summonings
   250 | D:1      | Reached XP level 2. HP: 2/15 MP: 1/6
   907 | D:1      | Learned a level 2 spell: Call Imp
  1455 | D:1      | Reached XP level 3. HP: 19/19 MP: 5/7
  2468 | D:2      | Reached XP level 4. HP: 15/24 MP: 5/9
  2794 | D:2      | Learned a level 3 spell: Summon Guardian Golem
  3103 | D:2      | Reached skill level 1 in Polearms
  3396 | D:3      | Noticed a sky beast
  3417 | D:3      | Killed a sky beast
  3417 | D:3      | Reached skill level 6 in Summonings
  3417 | D:3      | Gained mutation: You can fly. [Tengu growth]
  3417 | D:3      | Reached XP level 5. HP: 3/28 MP: 3/11
  3692 | D:3      | Found an opulent altar of Gozag.
  3958 | D:3      | Noticed Ijyb
  3974 | D:3      | Killed Ijyb
  3974 | D:3      | Reached XP level 6. HP: 4/32 MP: 2/12
  4635 | D:4      | Noticed Natasha
  4646 | D:4      | Killed Natasha
  4871 | D:4      | Found Irig's Elemental Accessories.
  5313 | D:4      | Quit the game

Vault maps used:
D:1:      roderic_chinese_lattice_arrival, minivault_19
D:3:      grunt_gozag_statues, uniq_ijyb
D:4:      kennysheep_little_box, nicolae_elemental_shop, uniq_natasha

Skill      XL: |  1  2  3  4  5  6 |
---------------+-------------------+-----
Summonings     | 5 6 |  6.4
Spellcasting   | 3 4 |  4.2
Polearms       | 1 2 |  2.1
Fighting       | |  0.3
Armour         | |  0.1
Dodging        | |  2.5
Stealth        | |  2.8
Hexes          | |  0.5

Action                   |  1- 3 |  4- 6 || total
-------------------------+-------+-------++-------
Melee: Unarmed           |    12 |       ||    12
       Kick              |     6 |     8 ||    14
       Peck              |     3 |     3 ||     6
       Hand axe          |    25 |       ||    25
       Spear             |     8 |    85 ||    93
 Cast: Summon Small Mamm |    23 |     5 ||    28
       Call Imp          |    22 |    39 ||    61
       Summon Guardian G |       |     7 ||     7
  Use: Scroll            |     4 |       ||     4
       Potion            |     1 |       ||     1
 Stab: Sleeping          |     2 |     6 ||     8
       Distracted        |       |     1 ||     1
  Eat: Chunk             |     6 |     6 ||    12
       Ration            |       |     2 ||     2
Armor: Robe              |     3 |     5 ||     8
       Leather armour    |       |     4 ||     4
Dodge: Dodged            |    28 |    34 ||    62

Table legend:
 A = Non-vault XP
 B = Vault XP
 C = Vault XP percentage of total XP
 D = Non-vault monster count
 E = Vault monster count
 F = Vault count percentage of total count
                 A         B        C        D         E       F
            +---------+---------+-------+---------+---------+-------
      Total |     457 |      47 |   9.3 |      80 |       2 |   2.4
            +---------+---------+-------+---------+---------+-------
        D:1 |      37 |       0 |   0.0 |      19 |       0 |   0.0
        D:2 |     111 |       0 |   0.0 |      29 |       0 |   0.0
        D:3 |     182 |      30 |  14.2 |      18 |       1 |   5.3
        D:4 |     127 |      17 |  11.8 |      14 |       1 |   6.7
            +---------+---------+-------+---------+---------+-------
